 Dungeon Crawl Stone Soup version 0.27-a0-40-g5f2be0e231 (webtiles) character file.

Game seed: 4393528804694132350

25053 raph the Fencer (level 12, -1/106 HPs)
             Began as a Minotaur Gladiator on Jan 5, 2021.
             Was a High Priest of Qazlal.
             Slain by Rupert
             ... wielding a +0 great mace of protection
              (23 damage)
             ... on level 3 of the Lair of Beasts.
             The game lasted 00:42:03 (18215 turns).

raph the Fencer (Minotaur Gladiator)               Turns: 18215, Time: 00:42:04

Health: -1/106     AC: 23    Str: 20    XL:     12   Next: 86%
Magic:  16/16      EV: 15    Int:  5    God:    Qazlal [*****.]
Gold:   1376       SH:  7    Dex: 16    Spells: 10/11 levels left

rFire    . . .     SeeInvis .   a - +2 great sword
rCold    . . .     Faith    +   (shield currently unavailable)
rNeg     . . .     Spirit   .   H - +1 plate armour
rPois    .         Reflect  .   O - +2 hat
rElec    .         Harm     .   V - +2 cloak
rCorr    .         Rampage  .   (no gloves)
Will     +....                  (no boots)
Stlth    ..........             q - amulet of faith
HPRegen  0.27/turn              u - +4 ring of evasion
MPRegen  0.15/turn              S - ring of willpower

@: mighty, protected from physical damage, very slightly contaminated, studying
Long Blades, invisible, repel missiles
A: retaliatory headbutt, horns 2
a: Renounce Religion, Upheaval, Elemental Force, Disaster Area


You were on level 3 of the Lair of Beasts.
You worshipped Qazlal.
Qazlal was extremely pleased with you.
You visited 2 branches of the dungeon, and saw 14 of its levels.
You also visited: Ossuary and Bailey.

You collected 1376 gold pieces.

Inventory:

Hand Weapons
 a - a +2 great sword (weapon)
 b - a +5 hunting sling
 A - a +0 scimitar
 E - a +3 long sword
 J - a +0 shortbow
 Q - a +0 great sword
Missiles
 d - 6 throwing nets (quivered)
 n - 87 boomerangs
 y - 311 stones
 K - 290 arrows
 T - 47 sling bullets
Armour
 f - a +2 hat
 i - a +0 chain mail
 x - a +0 leather armour
 H - a +1 plate armour (worn)
 O - a +2 hat (worn)
 U - a +0 troll leather armour
 V - a +2 cloak (worn)
Magical Staves
 o - an uncursed staff of conjuration
Jewellery
 c - an uncursed amulet of reflection {unknown}
 k - an uncursed ring of magical power
 q - an amulet of faith (around neck)
 t - an uncursed ring of protection from cold
 u - a +4 ring of evasion (left hand)
 N - a cursed ring of teleportation {unknown}
 R - an uncursed amulet of the acrobat {unknown}
 S - a ring of willpower (right hand)
Wands
 B - a wand of flame (35)
 I - a wand of paralysis (9)
 M - a wand of digging (1)
 P - a wand of iceblast (8)
Scrolls
 p - 9 scrolls of remove curse
 r - 5 scrolls of teleportation
 D - 3 scrolls of immolation
 L - 2 scrolls of magic mapping
Potions
 e - 4 potions of magic
 g - 9 potions of haste
 h - a potion of mutation
 j - 4 potions of flight
 l - a potion of resistance
 m - 7 potions of heal wounds
 v - 4 potions of lignification
 w - 11 potions of curing
 C - a potion of brilliance
 F - 3 potions of might
 G - 4 potions of attraction
 X - 2 potions of cancellation
Books
 s - a manual of Long Blades


   Skills:
 + Level 9.8 Fighting
 + Level 17.1 Long Blades
 * Level 7.9(8.0) Slings
 - Level 2.0(4.9) Throwing
 + Level 9.4 Armour
 + Level 9.3 Dodging
 + Level 7.9 Invocations


You had 10 spell levels left.
You knew the following spells:

 Your Spells              Type           Power        Failure   Level
a - Animate Skeleton      Necr           0%           100%        1

Your spell library contained the following spells:

 Spells                   Type           Power        Failure   Level
 Freeze                   Ice            0%           100%        1
 Frozen Ramparts          Ice            0%           100%        3
 Ozocubu's Armour         Ice            0%           100%        3
 Hailstorm                Conj/Ice       0%           100%        4
 Summon Ice Beast         Ice/Summ       0%           100%        4


Dungeon Overview and Level Annotations

Branches:
Dungeon (11/15)            Temple (0/1) D:5            Lair (3/6) D:11
    Orc (0/2) D:10        Ossuary (visited)          Bailey (visited)
  Swamp: Lair:2-4    Shoals: Lair:2-4     Snake: Lair:2-4    Spider: Lair:2-4

Altars:
Fedhas
Gozag
Hepliaklqana
Kikubaaqudgha
Makhleb
Nemelex Xobeh
Okawaru
Qazlal
Ru
Sif Muna
Vehumet
Xom
Zin

Annotations:
D:5 exclusion: oklob sapling
Lair:3 Rupert


Innate Abilities, Weirdness & Mutations

You reflexively headbutt those who attack you in melee.
You have a pair of horns on your head.


Message History

The blink frog is engulfed in freezing vapours.
The blink frog seems to slow down.
You kill the blink frog!
Qazlal accepts your kill.
Okay, then.
You fade into invisibility!
Rupert barely misses you. You furiously retaliate!
You headbutt Rupert! The bullfrog barely misses you. You furiously retaliate!
You headbutt the bullfrog!
You are very lightly contaminated with residual magic.
You barely miss Rupert.
Rupert is almost dead.
The bullfrog barely misses you. You furiously retaliate!
You headbutt the bullfrog.
You riposte.
You strike the helpless bullfrog from behind!
You slice the bullfrog!!
You kill the bullfrog!
Qazlal accepts your kill.
Rupert hits you with a +0 great mace of protection!!
You die...

###<†.#
##P†.†###.## #
#......†...#
#(
###.#...######
#.##.......#
#........###.#
.##°F§.......#
#§@†○F.P...#
#..@..###...#
##.§### #.##
#### .P# .#


You could see Rupert (berserk) and 2 blink frogs.

Vanquished Creatures
  A boulder beetle (D:11)
  A centaur warrior (D:11)
  Harold (D:7)
  2 hydras
  2 two-headed ogres
  An unseen horror (D:10)
  Pikel (D:4)
  An orc knight (Bailey)
  A manticore (D:10)
  A black mamba (Lair:1)
  5 cane toads (Lair:1)
  A gargoyle (D:11)
  2 komodo dragons (D:11)
  4 trolls
  Grinder (D:3)
  4 blink frogs
  Sigmund (D:3)
  2 vampires (D:10)
  3 wyverns
  A basilisk (Lair:2)
  16 yaks
  Eustachio (D:5)
  3 vampire mosquitoes (D:9)
  Menkaure (Ossuary)
  6 water moccasins
  Duvessa (D:4)
  3 ice beasts
  5 black bears
  3 orc warriors
  3 sky beasts
  3 necrophages
  5 phantoms
  8 ogres
  14 wolves
  7 centaurs
  4 big kobolds
  Blork the orc (D:5)
  13 bullfrogs
  4 gnoll sergeants
  Dowan (D:4)
  A wyvern skeleton (D:6)
  4 scorpions
  5 killer bees
  An electric eel (D:11)
  7 wights
  3 howler monkeys (D:8)
  A crimson imp (D:7)
  3 bullfrog zombies
  7 orc priests
  21 orc wizards
  A bullfrog skeleton (D:9)
  7 hounds
  3 jellies
  Jessica (D:3)
  A centaur skeleton (D:7)
  8 worker ants
  Ijyb (D:3)
  4 hell rats (Lair:2)
  2 iguanas
  A killer bee zombie (D:10)
  A hound skeleton (D:11)
  2 hound zombies
  2 worker ant zombies
  3 mummies (Ossuary)
  24 gnolls
  16 adders
  3 shadow imps
  5 white imps
  An adder zombie (D:7)
  3 worms
  5 dart slugs
  6 leopard geckos
  60 orcs
  6 bats
  3 giant cockroaches
  13 goblins
  17 hobgoblins
  12 jackals
  3 quokkas
  3 ball pythons (D:3)
  8 frilled lizards
  3 gnoll skeletons (Ossuary)
  3 gnoll zombies (Ossuary)
  3 goblin skeletons (Ossuary)
  2 goblin zombies (Ossuary)
  2 hobgoblin skeletons (Ossuary)
  2 hobgoblin zombies (Ossuary)
  2 jackal skeletons (D:5)
  23 kobolds
  8 kobold skeletons (Ossuary)
  8 kobold zombies (Ossuary)
  A leopard gecko skeleton (D:4)
  5 orc skeletons (Ossuary)
  3 orc zombies (Ossuary)
  2 quokka skeletons
  5 rats
  4 rat skeletons (Ossuary)
  7 rat zombies (Ossuary)
499 creatures vanquished.

Vanquished Creatures (collateral kills)
  2 orc warriors
  3 centaurs (D:11)
  A big kobold (D:10)
  2 electric eels (D:11)
  2 hounds (D:11)
  3 orc wizards
  2 kobolds (D:10)
15 creatures vanquished.

Vanquished Creatures (others)
  A water elemental (D:11)
  7 fungi
  43 plants
51 creatures vanquished.

Grand Total: 565 creatures vanquished

Notes
Turn   | Place    | Note
-------+----------+-------------------------------------------
     0 | D:1      | raph the Minotaur Gladiator began the quest for the Orb.
     0 | D:1      | Reached XP level 1. HP: 18/18 MP: 0/0
   103 | D:1      | Reached skill level 4 in Long Blades
   280 | D:1      | Reached XP level 2. HP: 25/25 MP: 1/1
   795 | D:1      | Reached skill level 5 in Long Blades
  1216 | D:2      | Reached XP level 3. HP: 27/30 MP: 2/2
  1606 | D:2      | Found a sacrificial altar of Ru.
  2215 | D:2      | Reached skill level 6 in Long Blades
  2215 | D:2      | Reached XP level 4. HP: 29/37 MP: 3/3
  2811 | D:3      | Noticed Jessica
  2818 | D:3      | Killed Jessica
  2825 | D:3      | Noticed an ogre
  2833 | D:3      | Killed an ogre
  2834 | D:3      | Reached skill level 7 in Long Blades
  2834 | D:3      | Reached XP level 5. HP: 32/42 MP: 4/4
  2939 | D:3      | Noticed Ijyb
  2962 | D:3      | Killed Ijyb
  3197 | D:3      | Noticed Sigmund
  3208 | D:3      | Killed Sigmund
  3209 | D:3      | Reached skill level 8 in Long Blades
  3209 | D:3      | Reached XP level 6. HP: 50/50 MP: 5/5
  3378 | D:3      | Reached skill level 9 in Long Blades
  4232 | D:4      | Noticed Grinder
  4244 | D:4      | Noticed Duvessa
  4244 | D:4      | Noticed Dowan
  4326 | D:4      | Paralysed by Grinder for 7 turns
  4330 | D:4      | Noticed Pikel
  4343 | D:3      | Killed Grinder
  4344 | D:3      | Reached skill level 10 in Long Blades
  4344 | D:3      | Reached XP level 7. HP: 10/56 MP: 6/6
  4761 | D:4      | Found a sparkling altar of Nemelex Xobeh.
  4762 | D:4      | Found a stormy altar of Qazlal.
  4768 | D:4      | Became a worshipper of Qazlal Stormbringer
  5055 | D:4      | Killed Pikel
  5056 | D:4      | Reached skill level 11 in Long Blades
  5056 | D:4      | Reached XP level 8. HP: 53/62 MP: 7/7
  5109 | D:4      | Reached skill level 12 in Long Blades
  5336 | D:4      | Killed Duvessa
  5337 | D:4      | Killed Dowan
  5728 | D:4      | Found an ancient bone altar of Kikubaaqudgha.
  5740 | D:4      | Found a shimmering blue altar of Sif Muna.
  5742 | D:4      | Found a radiant altar of Vehumet.
  5746 | D:4      | Identified Kikubaaqudgha's Guide on Stolen Souls
  5754 | D:4      | Learned a level 1 spell: Animate Skeleton
  6109 | D:4      | Found a hazy altar of Hepliaklqana.
  6110 | D:4      | Found a shimmering altar of Xom.
  6111 | D:4      | Noticed a spectral ugly thing
  6265 | D:5      | Entered Level 5 of the Dungeon
  6268 | D:5      | Found a stormy altar of Qazlal.
  6269 | D:5      | Noticed an air elemental
  6368 | D:5      | Reached * piety under Qazlal
  6369 | D:5      | Reached skill level 13 in Long Blades
  6507 | D:5      | Noticed Eustachio
  6508 | D:5      | Found an iron altar of Okawaru.
  6534 | D:5      | Killed Eustachio
  6584 | D:5      | Found a blossoming altar of Fedhas.
  6671 | D:5      | Reached XP level 9. HP: 63/68 MP: 8/8
  6699 | D:5      | Reached skill level 14 in Long Blades
  6769 | D:5      | Noticed Blork the orc
  6777 | D:5      | Killed Blork the orc
  6843 | D:5      | Found a shimmering altar of Xom.
  7007 | D:5      | Found a staircase to the Ecumenical Temple.
  7054 | D:6      | Found a sand-covered staircase.
  7067 | Ossuary  | Entered an ossuary
  7113 | Ossuary  | Reached ** piety under Qazlal
  7295 | Ossuary  | Reached skill level 1 in Armour
  7384 | Ossuary  | Reached *** piety under Qazlal
  7399 | Ossuary  | Noticed Menkaure
  7401 | Ossuary  | Killed Menkaure
  7402 | Ossuary  | Reached skill level 1 in Invocations
  8378 | D:7      | Reached **** piety under Qazlal
  8390 | D:7      | Found a flagged portal.
  8417 | Bailey   | Entered a bailey
  8677 | Bailey   | Noticed an orc knight
  8754 | Bailey   | Killed an orc knight
  8755 | Bailey   | Reached skill level 1 in Slings
  8755 | Bailey   | Reached skill level 5 in Dodging
  8758 | Bailey   | Reached ***** piety under Qazlal
  8988 | D:7      | Noticed Harold
  8999 | D:7      | Killed Harold
  9000 | D:7      | Reached skill level 5 in Fighting
  9000 | D:7      | Reached XP level 10. HP: 59/81 MP: 11/11
  9169 | D:7      | Identified a scroll of acquirement
  9169 | D:7      | Acquired a manual of Long Blades
  9528 | D:7      | Found a burning altar of Makhleb.
  9733 | D:7      | Found an opulent altar of Gozag.
  9778 | D:7      | Found a glowing silver altar of Zin.
  9907 | D:8      | Reached skill level 5 in Armour
 10950 | D:9      | Noticed a two-headed ogre
 10959 | D:9      | Killed a two-headed ogre
 10960 | D:9      | Reached skill level 5 in Invocations
 11553 | D:9      | Reached skill level 15 in Long Blades
 11572 | D:9      | Reached XP level 11. HP: 79/92 MP: 14/14
 12044 | D:10     | Entered Level 10 of the Dungeon
 13052 | D:10     | Killed an unseen horror
 13096 | D:10     | Found a shimmering blue altar of Sif Muna.
 13275 | D:10     | Found a staircase to the Orcish Mines.
 13895 | D:11     | Noticed a two-headed ogre
 13905 | D:11     | Reached skill level 16 in Long Blades
 13908 | D:11     | Killed a two-headed ogre
 13923 | D:11     | Noticed a centaur warrior
 13936 | D:11     | Killed a centaur warrior
 13937 | D:11     | Reached skill level 5 in Slings
 14226 | D:11     | Reached XP level 12. HP: 101/103 MP: 9/16
 14284 | D:11     | Noticed a boulder beetle
 14314 | D:11     | Killed a boulder beetle
 14714 | D:11     | Found a staircase to the Lair.
 15535 | Lair:1   | Entered Level 1 of the Lair of Beasts
 15549 | Lair:1   | Noticed a seven-headed hydra
 15558 | Lair:1   | Killed an eight-headed hydra
 17317 | Lair:2   | Noticed an eight-headed hydra
 17328 | Lair:2   | Killed an 11-headed hydra
 17329 | Lair:2   | Reached skill level 17 in Long Blades
 18181 | Lair:3   | Noticed Rupert
 18183 | Lair:3   | Paralysed by Rupert for 7 turns
 18215 | Lair:3   | Slain by Rupert

Illustrated notes

Levels and vault maps discovered:
D:1:      psy_arrival_radial02, layout_basic
D:2:      layout_loops_cross, grunt_decor_junction,
          nicolae_ru_the_path_less_chosen
D:3:      layout_basic, minmay_cut_off, uniq_jessica, uniq_ijyb, uniq_sigmund
D:4:      layout_layer_cave, regret_index_temple_of_mockery,
          grunt_temple_overflow_magic_moments, gammafunk_temple_overflow_pools,
          uniq_grinder, uniq_duvessa, uniq_pikel
D:5:      layout_gridville, chequers_temple_overflow_statue_of_worship,
          minmay_temple_entry_oklob, basic_altar, minivault_4,
          serial_park_tiny_pond, nicolae_qazlal_style_of_elements,
          uniq_eustachio, uniq_blork_the_orc
D:6:      layout_rooms, enter_ossuary_1, roderic_roman_lattice
D:7:      layout_loops_ring, pdpol_temple_overflow_zin_treasury_gozag_greed,
          makhleb_grotto_becter, enter_bailey_6, uniq_harold
D:8:      layout_loops_ring
D:9:      layout_layer_cave, kennysheep_generic_room_3
D:10:     minmay_polygon_palace, layout_irregular_city,
          kennysheep_orc_monster_closet_entryway, st_stairs_4,
          corexii_checkpoint_a, led_sif_book
D:11:     layout_basic, erik_lair_island, kennysheep_generic_room_5
Lair:1:   beast_lair_carwin_large_1, layout_loops_ring, grunt_megastairs_4
Lair:2:   layout_cave_pods
Lair:3:   layout_loops_ring, infiniplex_staircase_pool_2, serial_bayou_shore_b,
          uniq_rupert

Skill      XL: |  1  2  3  4  5  6  7  8  9 10 11 12 |
---------------+-------------------------------------+-----
Long Blades    | 4 5 6 7 8 10 11 13 14 15 16 17 | 17.1
Armour         | 4 6 8 9 |  9.4
Fighting       | 5 7 8 9 |  9.8
Invocations    | 3 5 6 7 |  7.9
Dodging        | 5 7 8 9 |  9.3
Slings         | 2 5 7 |  7.9
Throwing       | |  2.0

Action                   |  1- 3 |  4- 6 |  7- 9 | 10-12 || total
-------------------------+-------+-------+-------+-------++-------
Melee: Long sword        |    84 |    71 |   348 |       ||   503
       Headbutt          |     9 |    15 |    86 |   158 ||   268
       Great sword       |       |       |       |   642 ||   642
 Fire: Hunting sling     |       |    24 |    41 |    64 ||   129
Invok: Upheaval          |       |       |       |    13 ||    13
       Elemental Force   |       |       |       |     5 ||     5
  Use: Scroll            |       |     9 |    15 |    13 ||    37
       Potion            |       |     1 |     2 |     4 ||     7
 Stab: Invisible         |       |       |       |     1 ||     1
Armor: Leather armour    |     2 |       |       |       ||     2
       Chain mail        |    37 |    19 |    41 |       ||    97
       Plate armour      |       |       |    49 |   266 ||   315
Dodge: Dodged            |    48 |    46 |   144 |   401 ||   639
       Repelled          |       |       |       |    11 ||    11
Block: Other             |       |       |    36 |   194 ||   230
       Rpst.: Long sword |    12 |     7 |    32 |       ||    51
       Great sword       |       |       |       |    91 ||    91

Table legend: (Time is in decaauts)
 A = Elapsed time spent in this place.
 B = Non-inter-level travel time spent in this place.
 C = Inter-level travel time spent in this place.
 D = Time resting spent in this place.
 E = Time spent auto-exploring this place.
 F = Levels seen in this place.
 G = Mean time per level.
                   A        B        C        D        E       F      G
               +--------+--------+--------+--------+--------+-----+--------+
         Total |  18095 |  17130 |    965 |   5820 |   8136 |  16 | 1130.9 |
       Dungeon |  14840 |  13985 |    855 |   4854 |   6599 |  11 | 1349.1 |
          Lair |   2245 |   2135 |    110 |    570 |   1279 |   3 |  748.3 |
       Ossuary |    468 |    468 |      0 |    130 |    155 |   1 |  468.0 |
        Bailey |    541 |    541 |      0 |    266 |    103 |   1 |  541.0 |
               +--------+--------+--------+--------+--------+-----+--------+

Top non-repeatable levels by time:
     D:3: 2190 daAuts
    D:11: 1903 daAuts
     D:9: 1657 daAuts
    D:10: 1603 daAuts
     D:4: 1569 daAuts
  Lair:1: 1351 daAuts
     D:2: 1330 daAuts
     D:1: 1216 daAuts
     D:7: 1198 daAuts
  Lair:2: 835 daAuts
     D:5: 790 daAuts
     D:8: 714 daAuts
     D:6: 665 daAuts
  Bailey: 541 daAuts
 Ossuary: 468 daAuts
